 Dungeon Crawl Stone Soup version 0.25.0-26-g0c896c7088 (webtiles) character file.

Game seed: 12444297357587345634

28 MisterFreud the Digger (level 3, -2/25 (26) HPs)
             Began as a Ghoul Earth Elementalist on July 2, 2020.
             Slain by a leopard gecko (4 damage)
             ... on level 2 of the Dungeon.
             The game lasted 00:01:34 (1164 turns).

MisterFreud the Digger (Ghoul Earth Elementalist)   Turns: 1164, Time: 00:01:34

HP:   -2/25 (26)    AC:  3    Str: 11    XL:     3   Next: 14%
MP:   0/4           EV: 11    Int: 11    God:
Gold: 49            SH:  0    Dex:  9    Spells: 4/5 levels left

rFire    . . .     SeeInvis .     - Unarmed
rCold    + . .     Gourm    .   (no shield)
rNeg     + + +     Faith    .   g - +0 leather armour
rPois    ∞         Spirit   .   (no helmet)
rElec    .         Reflect  .   (no cloak)
rCorr    .         Harm     .   (no gloves)
MR       +....                  (no boots)
Stlth    +.........             (no amulet)
HPRegen  0.00/turn              f - ring of protection from magic
MPRegen  0.09/turn              (no ring)

@: very slightly contaminated, rotting
A: rotting body, claws 1, carnivore, cold resistance 1, negative energy
resistance 3, inhibited regeneration, torment resistance, unbreathing
a: no special abilities


You were on level 2 of the Dungeon.
You were not hungry.

You visited 1 branch of the dungeon, and saw 2 of its levels.

You collected 49 gold pieces.

Inventory:

Missiles
 b - 52 stones (quivered)
Armour
 c - a +0 robe
 g - a +0 leather armour (worn)
Jewellery
 f - a ring of protection from magic (left claw)
 j - an uncursed amulet of regeneration {unknown}
Scrolls
 a - a scroll of amnesia {unknown}
 e - a scroll of enchant weapon {unknown}
 i - 4 scrolls of identify {unknown}
Comestibles
 d - 2 rations


   Skills:
 - Level 1.7 Dodging
 - Level 2.1 Stealth
 + Level 3.0 Unarmed Combat
 - Level 1.7 Spellcasting
   Level 0.8 Transmutations
 - Level 3.2 Earth Magic


You had 4 spell levels left.
You knew the following spells:

 Your Spells              Type           Power        Failure   Level  Hunger
a - Sandblast             Erth           #.....       11%         1    ##.....

Your spell library contained the following spells:

 Spells                   Type           Power        Failure   Level  Hunger
 Passwall                 Tmut/Erth      #.......     26%         2    ###....
 Stone Arrow              Conj/Erth      #.....       52%         3    ####...
 Petrify                  Tmut/Erth      #.......     86%         4    #####..
 Lee's Rapid Deconstruct  Erth           #.........   96%         5    ######.


Dungeon Overview and Level Annotations

Branches:
Dungeon (2/15)

Altars:
Gozag


Innate Abilities, Weirdness & Mutations

Your body is rotting away.
You thrive on raw meat.
You are immune to poison.
You have sharp fingernails.
You are carnivorous and can eat meat at any time.
Your flesh is cold resistant. (rC+)
You are immune to negative energy. (rN+++)
You do not regenerate when monsters are visible.
You are immune to unholy pain and torment.
You can survive without breathing.


Message History

The leopard gecko is moderately wounded.
The leopard gecko bites you but does no damage.
You scratch the leopard gecko but do no damage.
The leopard gecko is moderately wounded.
The leopard gecko bites you.
* * * LOW HITPOINT WARNING * * *
The leopard gecko closely misses you.
Casting: Sandblast (safe; 11% risk of failure)
Confirm with . or Enter, or press ? or * to list all spells.
Aiming: Sandblast (safe; 11% risk of failure)
Press: ? - help, Shift-Dir - straight line, f/p - leopard gecko
Aim: a leopard gecko (moderately wounded)
The blast of sand hits the leopard gecko.
The leopard gecko is almost dead.
b - 52 stones The leopard gecko bites you but does no damage.
The leopard gecko misses you.
Found 4 gold pieces.
The leopard gecko bites you.
You die...

################
.............$$$
..$...†......$_$
####.#.#(.##$$$
#.#†#..#
#.#.#<.#
#$#....#########
#@#####........#
#.l............#
#######..).....#
#........#
#........#
#........#
#.....[..#
#........#
#........#


You could see a leopard gecko.

Vanquished Creatures
  An adder (D:2)
  A dart slug (D:1)
  A giant cockroach (D:1)
  3 goblins (D:1)
  3 hobgoblins
  3 bats (D:1)
  3 kobolds (D:1)
  3 rats (D:1)
18 creatures vanquished.

Notes
Turn   | Place    | Note
-------+----------+-------------------------------------------
     0 | D:1      | MisterFreud the Ghoul Earth Elementalist began the quest
                  | for the Orb.
     0 | D:1      | Reached XP level 1. HP: 14/14 MP: 2/2
   196 | D:1      | Reached skill level 1 in Unarmed Combat
   362 | D:1      | Reached XP level 2. HP: 14/20 MP: 3/3
  1130 | D:2      | Found an opulent altar of Gozag.
  1145 | D:2      | Reached XP level 3. HP: 8/26 MP: 1/4
  1164 | D:2      | Slain by a leopard gecko

Illustrated notes

Levels and vault maps discovered:
D:1:      dpeg_arrival_tiny_d, layout_loops_ring, roderic_serpentine_path,
          minmay_quantized
D:2:      layout_basic, nicolae_gozag_seed_capital,
          lemuel_zombie_altar_kikubaaqudgha, first_ration

Skill      XL: |  1  2 |
---------------+-------+-----
Unarmed Combat | 1 3 |  3.0
Dodging        | |  1.7
Stealth        | |  2.1
Spellcasting   | |  1.7
Transmutations | |  0.8
Earth Magic    | |  3.2

Action                   || total
-------------------------++-------
Melee: Unarmed           ||    80
 Cast: Sandblast         ||     4
 Stab: Sleeping          ||     1
  Eat: Chunk             ||     6
Armor: Leather armour    ||    22
Dodge: Dodged            ||    60
